 Dungeon Sprint DCSS version 0.23.2-1-ga50397a (webtiles) character file.

Game seed: 8457654747193704801

21548 Fang the Warrior (level 12, -3/90 HPs)
             Began as a Gargoyle Berserker on Apr 24, 2019.
             Was the Champion of Trog.
             Slain by a shambling mangrove (16 damage)
             ... in the Dungeon (Sprint V: "Ziggurat Sprint").
             The game lasted 00:04:50 (837 turns).

Fang the Warrior (Gargoyle Berserker)                Turns: 837, Time: 00:04:51

Health: -3/90      AC: 38    Str: 37    XL:     12   Next: 91%
Magic:  11/12      EV: 11    Int: 11    God:    Trog [******]
Gold:   0          SH:  0    Dex:  9    Spells: 11/11 levels left

rFire    . . .     SeeInvis .   j - +9 executioner's axe (flame)
rCold    + + .     Gourm    .   (shield currently unavailable)
rNeg     + . .     Faith    .   k - +15 Maxwell's patent armour {-Cast -Tele rElec MR+ rCorr}
rPois    ∞         Spirit   .   w - +1 helmet of Gluttony {rC+ Regen+ Int+2}
rElec    +         Reflect  .   (no cloak)
rCorr    +         Harm     .   (no gloves)
MR       +....     NoTele   +   (no boots) Stlth ..........NoCast +
                                (no amulet)
HPRegen  0.65/turn              A - +6 ring of strength
MPRegen  0.13/turn              B - +6 ring of strength

@: grasped by roots, berserk cooldown, slowed, constricted, studying 2 skills,
very slow
A: cold resistance 1, deformed body, negative energy resistance 1, electricity
resistance, unbreathing, petrification resistance, no potion heal 1, rot
immunity, AC +8
a: Berserk, Trog's Hand, Brothers in Arms, Renounce Religion


You were in the Dungeon.
You worshipped Trog.
Trog was exalted by your worship.
You were very hungry.

You visited 1 branch

Inventory:

Hand Weapons
 j - a +9 executioner's axe of flaming (weapon)
 x - a +3 antimagic executioner's axe
 y - a +7 executioner's axe of distortion
 H - a +5 executioner's axe of electrocution
 J - the +5 battleaxe "Tum Jeroji" {chop, rPois Stlth+}
   (You found it in the Dungeon)

   It inflicts extra damage upon your enemies.
   It protects you from poison.
   It makes you more stealthy.
Armour
 b - a +2 plate armour of cold resistance
 k - the +15 Maxwell's patent armour (worn) {-Cast -Tele rElec MR+ rCorr}
   (You found it in the Dungeon)

   It insulates you from electricity.
   It affects your resistance to hostile enchantments.
   It prevents spellcasting.
   It prevents most forms of teleportation.
   It provides partial protection from all sources of acid and corrosion.
 w - the +1 helmet of Gluttony (worn) {rC+ Regen+ Int+2}
   (You found it in the Dungeon)

   It affects your intelligence (+2).
   It protects you from cold.
   It increases your rate of regeneration.
 z - a +3 plate armour of fire resistance
Jewellery
 a - an uncursed ring of positive energy
 o - the ring of Past Mistakes {Ice rElec Int+2 Dex+2}
   (You found it in the Dungeon)

   [ring of ice]

   It enhances your ice magic.
   It affects your intelligence (+2).
   It affects your dexterity (+2).
   It makes you vulnerable to fire.
   It protects you from cold.
   It insulates you from electricity.
 A - a +6 ring of strength (left hand)
 B - a +6 ring of strength (right hand)
 G - the ring "Wusho" {rF++ MR+ Int-5 Dex+7}
   (You found it in the Dungeon)

   [ring of protection from magic]

   It affects your intelligence (-5).
   It affects your dexterity (+7).
   It greatly protects you from fire.
   It affects your resistance to hostile enchantments.
Wands
 C - a wand of disintegration (7)
 D - a wand of iceblast (7)
 E - a wand of acid (7)
Scrolls
 i - 4 scrolls of blinking
 r - 8 scrolls of fog
 s - a scroll of holy word
 t - 5 scrolls of identify
 u - 5 scrolls of remove curse
 v - 2 scrolls of fear
Potions
 d - 10 potions of curing
 e - 11 potions of heal wounds
 f - 10 potions of haste
 g - 7 potions of magic
 h - 3 potions of berserk rage
 l - 2 potions of brilliance
 m - 2 potions of invisibility
 n - 4 potions of resistance
 p - 5 potions of agility
 q - 6 potions of might
Books
 F - a manual of Maces & Flails
 I - a manual of Stealth
Comestibles
 c - 6 rations


   Skills:
 + Level 16.4 Fighting
 + Level 14.2 Axes
 + Level 16.2 Armour
 + Level 12.9 Dodging


You had 11 spell levels left.
You didn't know any spells.
Your spell library was empty.

Dungeon Overview and Level Annotations

Branches:
Dungeon (1/1)

Altars:
Ashenzari
Cheibriados
Dithmenos
Elyvilon
Fedhas
Gozag
Hepliaklqana
Kikubaaqudgha
Makhleb
Nemelex Xobeh
Okawaru
Qazlal
Ru
Sif Muna
Trog
Uskayaw
Vehumet
Wu Jian
Xom
Yredelemnul
Zin
The Shining One
Beogh
Jiyva
Lugonu

Annotations:
D 1 transporter


Innate Abilities, Weirdness & Mutations

You are resistant to torment.
Your stone body is resilient. (AC +8)
You are immune to poison.
You resist negative energy. (rN+)
You are resistant to electric shocks. (rElec)
You can survive without breathing.
You are immune to petrification.
You are immune to rotting.
Your flesh is cold resistant. (rC+)
Armour fits poorly on your strangely shaped body.
Potions are less effective at restoring your health.


Message History

The hornet misses you. The shambling mangrove hits you!
* * * LOW HITPOINT WARNING * * *
Your cyclops goes berserk!
You feel quite a bit more hungry.
Your skin stops crawling.
You feel less resistant to hostile enchantments.
The hornet stings you but does no damage.
The hornet closely misses you.
The shambling mangrove closely misses you.
The hornet stings you but does no damage.
Your cyclops rages.
Your cyclops misses the butterfly. The hornet misses you.
Your cyclops completely misses the butterfly.
Roots burst forth from the earth!
The grasping roots grab you!
* * * LOW HITPOINT WARNING * * *
The grasping roots constrict you.
The hornet stings you but does no damage.
The hornet barely misses you.
You die...

▓...)) ▓....(
▓▓▓▓▓▓▓▓▓ ▓.▓...
▓....8©8....▓...(©
▓.."}))=[!..▓▓▓▓▓▓
▓b..:[})[...▓...8©
▓...........▓...)"
▓C..........▓...||
▓@..........▓.....
▓yy.........▓.....
▓f.▓.....▓ ▓....)
▓.▓▓▓...▓▓ ▓.....
▓..▓)....▓..▓.▓...
▓..)†.©.....▓....©
▓▓▓▓▓▓▓▓▓▓▓▓▓▓▓▓▓▓
▓...8©8...▓...8©8.
▓...})[|}.▓...).|)


You could see a shambling mangrove, 2 hornets and a friendly cyclops (berserk).

Vanquished Creatures
  A thorn hunter (D)
  A reaper (D)
  A mummy priest (D)
  A spriggan air mage (D)
  A death scarab (D)
  A spriggan druid (D)
  A shining eye (D)
  4 ugly things (D)
  2 toenail golems (D)
  A rust devil (D)
  A yaktaur (shapeshifter) (D)
  A freezing wraith (D)
  3 tormentors (D)
  A guardian mummy (D)
  4 hornets (D)
  2 wind drakes (D)
  A hippogriff (shapeshifter) (D)
  2 flying skulls (D)
  A shadow (D)
  3 spriggans (D)
  2 neqoxecs (D)
  A naga (D)
  A hell hound (D)
  5 orc warriors (D)
  A black bear (D)
  An ice beast (D)
  3 wolves (D)
  A wight (D)
  A crimson imp (D)
  A quasit (D)
  4 jellies (D)
  2 orc priests (D)
  2 iron imps (D)
  3 mummies (D)
  An adder (D)
  A shadow imp (D)
  3 white imps (D)
  2 ufetubi (D)
  An ooze (D)
  An adder zombie (D)
  An adder skeleton (D)
  6 orcs (D)
  2 ball pythons (D)
  A bat skeleton (D)
  2 bat zombies (D)
  A quokka simulacrum (D)
  2 quokka skeletons (D)
85 creatures vanquished.

Vanquished Creatures (collateral kills)
  A shambling mangrove (D)
  A hornet (D)
2 creatures vanquished.

Vanquished Creatures (others)
  A butterfly (D)
1 creature vanquished.

Grand Total: 88 creatures vanquished

Notes
Turn   | Place    | Note
-------+----------+-------------------------------------------
     0 | D        | Found the +6 Majin-Bo {vamp, Archmagi MP+6 Int+6}
     0 | D        | Found the +7 great mace "Firestarter" {inner flame, rF++}
     0 | D        | Fang the Gargoyle Berserker began the quest for the Orb.
     0 | D        | Reached XP level 1. HP: 14/14 MP: 1/1
     1 | D        | Found a blossoming altar of Fedhas.
     2 | D        | Found a viscous altar of Jiyva.
     2 | D        | Found a transporter.
     2 | D        | Found a hazy altar of Hepliaklqana.
     2 | D        | Found an ancient bone altar of Kikubaaqudgha.
     2 | D        | Found an opulent altar of Gozag.
     2 | D        | Found a corrupted altar of Lugonu.
    12 | D        | Found a deep blue altar of Sif Muna.
    12 | D        | Found a bloodstained altar of Trog.
    12 | D        | Found a sacrificial altar of Ru.
    12 | D        | Found a stormy altar of Qazlal.
    12 | D        | Found an iron altar of Okawaru.
    13 | D        | Found a sparkling altar of Nemelex Xobeh.
    15 | D        | Found a burning altar of Makhleb.
    36 | D        | Found the +9 heavy crossbow "Sniper" {velocity, Acc+∞ SInv}
    36 | D        | Found the +10 dark maul {crush}
    36 | D        | Found the +15 Maxwell's patent armour {-Cast -Tele rElec
                  | MR+ rCorr}
    36 | D        | Found the +18 shield of the Gong {rElec rN+ MR+ EV-5}
    36 | D        | Found the cursed +14 obsidian axe {chop, +Fly SInv *Curse}
    96 | D        | Entered arena 2.
    96 | D        | Noticed a toenail golem
    96 | D        | Noticed a toenail golem
    96 | D        | Found a transporter.
   100 | D        | Killed a toenail golem
   100 | D        | Reached skill level 5 in Dodging
   100 | D        | Reached XP level 2. HP: 25/25 MP: 2/2
   100 | D        | Reached XP level 3. HP: 29/29 MP: 3/3
   100 | D        | Reached XP level 4. HP: 35/35 MP: 4/4
   100 | D        | Reached XP level 5. HP: 39/39 MP: 5/5
   100 | D        | Reached XP level 6. HP: 44/44 MP: 6/6
   102 | D        | Killed a toenail golem
   102 | D        | Reached XP level 7. HP: 51/51 MP: 7/7
   143 | D        | Entered arena 3.
   143 | D        | Found a transporter.
   147 | D        | Reached ** piety under Trog
   165 | D        | Entered arena 4.
   165 | D        | Noticed a naga
   165 | D        | Found a transporter.
   169 | D        | Reached *** piety under Trog
   172 | D        | Killed a naga
   179 | D        | Entered arena 5.
   179 | D        | Found a transporter.
   184 | D        | Reached **** piety under Trog
   184 | D        | Reached XP level 8. HP: 57/57 MP: 8/8
   186 | D        | Reached skill level 10 in Fighting
   195 | D        | Got the +1 helmet of Gluttony {rC+ Regen+ Int+2}
   209 | D        | Entered arena 6.
   209 | D        | Found a transporter.
   212 | D        | Reached ***** piety under Trog
   224 | D        | Entered arena 7.
   224 | D        | Noticed a spriggan druid
   224 | D        | Noticed a spriggan
   224 | D        | Noticed a spriggan rider
   225 | D        | Identified the +5 dagger of Prudence {pain, rC- Int+9
                  | Dex+3}
   225 | D        | Found a transporter.
   231 | D        | Killed a spriggan
   231 | D        | Reached skill level 10 in Armour
   231 | D        | Killed a spriggan rider
   231 | D        | Killed a hornet
   231 | D        | Reached XP level 9. HP: 64/64 MP: 9/9
   233 | D        | Killed a spriggan druid
   233 | D        | Received a gift from Trog
   233 | D        | Reached skill level 10 in Axes
   324 | D        | Entered arena 8.
   325 | D        | Found a transporter.
   328 | D        | Received a gift from Trog
   330 | D        | Reached ****** piety under Trog
   362 | D        | Entered arena 9.
   363 | D        | Found a transporter.
   370 | D        | Received a gift from Trog
   461 | D        | Entered arena 10.
   461 | D        | Noticed a mummy priest
   461 | D        | Noticed a guardian mummy
   461 | D        | Noticed a death scarab
   462 | D        | Found a transporter.
   465 | D        | Noticed an ice devil
   465 | D        | Noticed a rust devil
   465 | D        | Killed a death scarab
   465 | D        | Reached skill level 10 in Dodging
   465 | D        | Reached XP level 10. HP: 72/72 MP: 10/10
   469 | D        | Noticed an orange demon
   470 | D        | Killed a mummy priest
   470 | D        | Noticed a reaper
   569 | D        | Entered arena 11.
   569 | D        | Noticed a brown ugly thing
   569 | D        | Noticed a green ugly thing
   569 | D        | Noticed a green ugly thing
   569 | D        | Noticed a shining eye
   569 | D        | Noticed a cyan ugly thing
   569 | D        | Gained mutation: Armour fits poorly on your strangely
                  | shaped body. [a neqoxec]
   570 | D        | Found a transporter.
   574 | D        | Killed a cyan ugly thing
   574 | D        | Received a gift from Trog
   576 | D        | Killed a shining eye
   576 | D        | Killed a red ugly thing
   577 | D        | Killed a green ugly thing
   577 | D        | Reached XP level 11. HP: 80/80 MP: 11/11
   578 | D        | Killed a green ugly thing
   578 | D        | Received a gift from Trog
   607 | D        | Gained mutation: Your flesh is cold resistant. (rC+)
                  | [mutagenic glow]
   635 | D        | Gained mutation: Potions are less effective at restoring
                  | your health. [mutagenic glow]
   656 | D        | Entered arena 12.
   656 | D        | Noticed a reaper
   662 | D        | Reached XP level 12. HP: 22/86 MP: 12/12
   666 | D        | Received a gift from Trog
   672 | D        | Reached skill level 15 in Fighting
   673 | D        | Found a transporter.
   679 | D        | Killed a reaper
   679 | D        | Reached skill level 15 in Armour
   725 | D        | Got the ring "Wusho" {rF++ MR+ Int-5 Dex+7}
   773 | D        | Entered arena 13.
   775 | D        | Found a transporter.
   778 | D        | Received a gift from Trog
   781 | D        | Received a gift from Trog
   795 | D        | Got the ring of Past Mistakes {Ice rElec Int+2 Dex+2}
   799 | D        | Got the +5 battleaxe "Tum Jeroji" {chop, rPois Stlth+}
   805 | D        | Entered arena 14.
   806 | D        | Noticed a shambling mangrove
   806 | D        | Noticed a spriggan air mage
   806 | D        | Noticed a shambling mangrove
   806 | D        | Noticed a thorn hunter
   807 | D        | Noticed a spriggan rider
   808 | D        | Found a transporter.
   819 | D        | Killed a spriggan air mage
   820 | D        | Received a gift from Trog
   824 | D        | Killed a thorn hunter
   828 | D        | Killed a shambling mangrove
   837 | D        | Slain by a shambling mangrove

Skill      XL: |  1  2  3  4  5  6  7  8  9 10 11 12 |
---------------+-------------------------------------+-----
Fighting       | 8 9 11 12 14 16 | 16.4
Axes           | 6 7 8 9 11 12 14 | 14.2
Armour         | 7 9 11 12 14 16 | 16.2
Dodging        | 5 6 7 8 10 11 12 | 12.9

Action                   |  1- 3 |  4- 6 |  7- 9 | 10-12 || total
-------------------------+-------+-------+-------+-------++-------
Melee: Executioner's axe |     3 |     2 |    55 |    53 ||   113
Invok: Berserk           |     1 |       |     2 |     3 ||     6
       Trog's Hand       |       |       |       |     2 ||     2
       Brothers in Arms  |       |       |       |     2 ||     2
  Use: Scroll            |       |       |     4 |     2 ||     6
       Potion            |       |       |       |     4 ||     4
  Eat: Chunk             |       |       |       |     3 ||     3
       Ration            |       |       |       |     1 ||     1
Armor: Plate armour      |     4 |     2 |    99 |    79 ||   184
Dodge: Dodged            |     1 |       |   105 |    80 ||   186
